 Dungeon Crawl Stone Soup version 0.18.1-48-g4cf74bf (webtiles) character file.

280 Goblin1989 the Charlatan (level 6, -4/29 HPs)
             Began as a Spriggan Artificer on Aug 2, 2016.
             Shot with an arrow by a centaur (8 damage)
             ... on level 7 of the Dungeon.
             The game lasted 00:21:22 (1921 turns).

Goblin1989 the Charlatan (Spriggan Artificer)       Turns: 1921, Time: 00:21:23

Health: -4/29      AC:  2    Str:  7    XL:     6   Next: 5%
Magic:  11/11      EV: 19    Int: 14    God:
Gold:   129        SH:  0    Dex: 18    Spells: 0 memorised, 5 levels left

rFire  . . .     SeeInvis +     a - +1 short sword
rCold  . . .     Gourm    .     b - +0 robe
rNeg   . . .     Faith    .     (shield restricted)
rPois  .         Spirit   .     (helmet restricted)
rElec  .         Dismiss  .     (no cloak)
rCorr  .         Reflect  .     (gloves unavailable)
SustAt .         Harm     .     (boots unavailable)
MR     +....                    (no amulet)
Stlth  +++.......               (no ring)
                                (no ring)

@: very quick, somewhat resistant to hostile enchantments, fairly stealthy
A: unfitting armour, see invisible, herbivore 3, speed 3, slow metabolism 2
a: no special abilities


You were on level 7 of the Dungeon.
You were not hungry.

You visited 1 branch of the dungeon, and saw 7 of its levels.

You collected 129 gold pieces.

Inventory:

Hand Weapons
 a - a +1 short sword (weapon)
 g - a +0 club
 o - a cursed -2 club
Armour
 b - a +0 robe (worn)
Wands
 c - a wand of flame (0/48)
 d - a wand of enslavement (0/24)
 e - a wand of random effects (10/48)
Scrolls
 i - 3 scrolls of remove curse
 n - a scroll of teleportation {unknown}
 q - a scroll of amnesia {unknown}
Potions
 h - 2 potions of cancellation
 j - 2 potions of curing
 k - a potion of degeneration
 l - a potion of agility {unknown}
 p - a potion of beneficial mutation {unknown}
 r - a potion of resistance {unknown}
Books
 m - a book of Callings

   Spells                             Type                      Level
   a - Summon Small Mammal            Summoning                    1
   b - Call Imp                       Summoning                    2
   c - Call Canine Familiar           Summoning                    3
   d - Summon Guardian Golem          Hexes/Summoning              3
   e - Summon Lightning Spire         Summoning/Air                4
   f - Summon Ice Beast               Ice/Summoning                4
Comestibles
 f - 3 bread rations
 s - 2 fruits


   Skills:
 - Level 0.7 Fighting
 * Level 4.9 Short Blades
 + Level 3.2 Dodging
 - Level 4.2 Stealth
 + Level 5.7 Evocations


You had 5 spell levels left.
You didn't know any spells.

Dungeon Overview and Level Annotations

Branches:
Dungeon (7/15)
 Temple: D:4-7

Altars:
Elyvilon
Fedhas
Gozag
Kikubaaqudgha
Nemelex Xobeh
The Shining One

Shops:
D:7 =


Innate Abilities, Weirdness & Mutations

You are tiny and cannot use many weapons and most armour.
You have supernaturally acute eyesight.
You are a herbivore.
You cover ground extremely quickly.
You need consume almost no food.


Message History

The centaur shoots an arrow.
The arrow completely misses you.
Found a blossoming altar of Fedhas.
The centaur shoots an arrow.
The arrow completely misses you.
You see here a scroll labeled POFYDANG ERYHOWN.
Evoke which item? (* to show all) (? for menu, Esc to quit)
Okay, then.
Evoke which item? (* to show all) (? for menu, Esc to quit)
Zapping:
d - a wand of enslavement (1/24)
Press: ? - help, Shift-Dir - straight line, f - centaur
Aim: a centaur, wielding a shortbow of flaming (chance to defeat MR: 58%)
The centaur resists with significant effort.
This wand has 0 charges left.
The centaur shoots an arrow.
The arrow hits you!
* * * LOW HITPOINT WARNING * * *
The arrow burns you.
* * * LOW HITPOINT WARNING * * *
The giant frog zombie barely misses you.
The centaur shoots an arrow.
The arrow misses you.
You take 14 damage, and have 4/29 hp.
MASSIVE DAMAGE!!
The centaur shoots an arrow.
The arrow hits you!
You die...

. #.........'..∩ ###
#..(......#.≈.
...####.....#####..§ .P
.....#.....# ####
PPP....#.....#
PP_PP#..#.....# .
P.P.P...#.....#... ..
..PPPcP...#.........#
...
:......@..#.........##
##..##.Z(.##....._...#
###+###...(#.........###
#....'a....#............
##...#....(#............
##...#..(..#............
#...a###+###....5S.....>
####'#.......#######$...
#...#.......#.....+....


You could see a centaur, a worker ant and a giant frog zombie.

Vanquished Creatures
  A giant frog (D:6)
  An orc priest (D:4)
  A jelly (D:7)
  An orc wizard (D:4)
  An iguana (D:5)
  A worker ant (D:5)
  A worker ant zombie (D:5)
  4 adders
  2 dart slugs
  2 giant geckos
  2 orcs
  A ball python (D:1)
  A giant cockroach (D:1)
  A goblin (D:1)
  A hobgoblin (D:2)
  3 kobolds
  3 quokkas
  A bat (D:2)
  A rat (D:3)
29 creatures vanquished.

Vanquished Creatures (collateral kills)
  2 gnolls (D:4)
2 creatures vanquished.

Vanquished Creatures (others)
  An adder (D:7)
1 creature vanquished.

Grand Total: 32 creatures vanquished

Notes
Turn   | Place    | Note
--------------------------------------------------------------
     0 | D:1      | Goblin1989 the Spriggan Artificer began the quest for the Orb.
     0 | D:1      | Reached XP level 1. HP: 9/9 MP: 4/4
   125 | D:2      | Reached XP level 2. HP: 8/14 MP: 6/6
   322 | D:3      | Found an ancient bone altar of Kikubaaqudgha.
   462 | D:4      | Reached XP level 3. HP: 9/17 MP: 7/7
   553 | D:3      | Found a sparkling altar of Nemelex Xobeh.
   594 | D:3      | Found a faded altar to an unknown god.
   632 | D:4      | Reached XP level 4. HP: 5/21 MP: 8/8
   668 | D:5      | Entered Level 5 of the Dungeon
   699 | D:5      | Noticed an ogre
   740 | D:5      | HP: 1/21 [worker ant zombie (3)]
   790 | D:5      | Found a glowing golden altar of the Shining One.
   979 | D:5      | Reached skill level 5 in Evocations
  1105 | D:5      | Reached XP level 5. HP: 20/25 MP: 9/9
  1336 | D:5      | HP: 1/25 [giant frog (2)]
  1701 | D:6      | Noticed a centaur
  1716 | D:6      | Noticed a black bear
  1753 | D:7      | Found Nurr's Jewellery Shop.
  1814 | D:7      | Reached XP level 6. HP: 15/29 MP: 11/11
  1826 | D:7      | Found a white marble altar of Elyvilon.
  1860 | D:7      | Found an opulent altar of Gozag.
  1860 | D:7      | Found a glowing golden altar of the Shining One.
  1892 | D:7      | Noticed an orc warrior
  1917 | D:7      | Found a blossoming altar of Fedhas.
  1921 | D:7      | Shot with an arrow by a centaur

Skill      XL: |  1  2  3  4  5 |
---------------+----------------+-----
Stealth        | 2 3 4 |  4.2
Short Blades   | 2 3 4 |  4.9
Evocations     | 5 |  5.7
Fighting       | |  0.7
Dodging        | |  3.2

Action                   |  1- 3 |  4- 6 || total
-------------------------+-------+-------++-------
Melee: Short sword       |    36 |    30 ||    66
Evoke: Wand              |    12 |    23 ||    35
  Use: Scroll            |       |     7 ||     7
       Potion            |       |     1 ||     1
 Stab: Sleeping          |     2 |     8 ||    10
       Paralysed         |       |     1 ||     1
Armor: Robe              |     2 |     3 ||     5
Dodge: Dodged            |    26 |    34 ||    60
